| TOP OF THE 1ST |
|
Oakland (APP) Athletics batting - Pitching for Detroit (APP) Tigers : RHP Cam Hurley
|
|
Pitching: RHP Cam Hurley
|
|
|
Batting: LHB Diego Vega
|
0-0: Ground out 4-3 (Groundball, 4, EV 82.5 MPH)
|
|
Batting: RHB Gabe Secundino
|
0-0: Reached on error, E6 (Groundball, 56D, EV 86.9 MPH)
|
|
Batting: RHB Phoctor Dill
|
0-0: Swinging Strike 0-1: Called Strike 0-2: Foul Ball, location: 2F 0-2: Ball 1-2: Ball 2-2: Ball 3-2: Foul Ball, location: 2F 3-2: Strikes out swinging
|
|
Batting: LHB Ben Landry
|
0-0: Fly out, F7 (Line Drive, 7LM, EV 93.8 MPH)
|
| Top of the 1st over - 0 runs, 0 hits, 1 error, 1 left on base; Oakland (APP) 0 - Detroit (APP) 0 |
| BOTTOM OF THE 1ST |
|
Detroit (APP) Tigers batting - Pitching for Oakland (APP) Athletics : RHP Kian-tat Guao
|
|
Pitching: RHP Kian-tat Guao
|
|
|
Batting: RHB Alex Duarte
|
0-0: Ball 1-0: Called Strike 1-1: Ball 2-1: Called Strike 2-2: Strikes out looking
|
|
Batting: RHB Cody Kafer
|
0-0: Called Strike 0-1: Fly out, F9 (Flyball, 9LS, EV 97.5 MPH)
|
|
Batting: RHB Nate Dabney
|
0-0: Called Strike 0-1: Ball 1-1: SOLO HOME RUN (Flyball, 7D, EV 96.2 MPH), Distance : 372 ft
|
|
Batting: RHB George Sonier
|
0-0: Called Strike 0-1: Foul Ball, location: 2F 0-2: SOLO HOME RUN (Flyball, 78XD, EV 96.9 MPH), Distance : 393 ft
|
|
Batting: RHB Yasutaka Yamasaki
|
0-0: Called Strike 0-1: Ball 1-1: Swinging Strike 1-2: Strikes out swinging, 2-3 out at first.
|
| Bottom of the 1st over - 2 runs, 2 hits, 0 errors, 0 left on base; Oakland (APP) 0 - Detroit (APP) 2 |
| TOP OF THE 2ND |
|
Oakland (APP) Athletics batting - Pitching for Detroit (APP) Tigers : RHP Cam Hurley
|
|
Batting: RHB Toyohiko Nakajima
|
0-0: Called Strike 0-1: Swinging Strike 0-2: Foul Ball, location: 2F 0-2: Ball 1-2: Strikes out swinging
|
|
Batting: RHB Pete Goerge
|
0-0: Ball 1-0: Fly out, F3 (Popup, 3SF, EV 81.2 MPH)
|
|
Batting: SHB Raul Herrera
|
0-0: Swinging Strike 0-1: Foul Ball, location: 2F 0-2: Ball 1-2: Ball 2-2: Ball 3-2: Strikes out looking
|
| Top of the 2nd over - 0 runs, 0 hits, 0 errors, 0 left on base; Oakland (APP) 0 - Detroit (APP) 2 |
| BOTTOM OF THE 2ND |
|
Detroit (APP) Tigers batting - Pitching for Oakland (APP) Athletics : RHP Kian-tat Guao
|
|
Batting: SHB Salvador Lacosta
|
0-0: Called Strike 0-1: Called Strike 0-2: SINGLE (Groundball, 3D, EV 95.0 MPH)
|
|
Batting: RHB Peter Jones
|
0-0: Called Strike 0-1: Fielders Choice at 2nd, 6-4 (Groundball, 6, EV 85.6 MPH)
|
|
Batting: RHB Victor Acuna
|
0-0: Swinging Strike 0-1: Ball 1-1: Called Strike 1-2: Strikes out swinging
|
|
Batting: RHB Rick Brinkmann
|
0-0: Swinging Strike 0-1: Swinging Strike 0-2: Strikes out swinging
|
| Bottom of the 2nd over - 0 runs, 1 hit, 0 errors, 1 left on base; Oakland (APP) 0 - Detroit (APP) 2 |
| TOP OF THE 3RD |
|
Oakland (APP) Athletics batting - Pitching for Detroit (APP) Tigers : RHP Cam Hurley
|
|
Batting: LHB Bryan Hodensack
|
0-0: Ground out 4-3 (Groundball, 4, EV 111.2 MPH)
|
|
Batting: RHB Dave Villarreal
|
0-0: Ground out U3 (Groundball, 3S, EV 68.1 MPH)
|
|
Batting: LHB Diego Vega
|
0-0: Ball 1-0: Foul Ball, location: 2F 1-1: Called Strike 1-2: Foul Ball, location: 2F 1-2: Fly out, F8 (Flyball, 8LS, EV 93.8 MPH)
|
| Top of the 3rd over - 0 runs, 0 hits, 0 errors, 0 left on base; Oakland (APP) 0 - Detroit (APP) 2 |
| BOTTOM OF THE 3RD |
|
Detroit (APP) Tigers batting - Pitching for Oakland (APP) Athletics : RHP Kian-tat Guao
|
|
Batting: RHB Alex Duarte
|
0-0: Foul Ball, location: 2F 0-1: Hit by Pitch
|
|
Batting: RHB Cody Kafer
|
0-0: Called Strike 0-1: Ball 1-1: Foul Ball, location: 2F 1-2: Foul Ball, location: 2F 1-2: Ball 2-2: Strikes out looking
|
|
Batting: RHB Nate Dabney
|
0-0: Reached on error, E6 (Groundball, 6S, EV 83.8 MPH) Alex Duarte to second
|
|
Batting: RHB George Sonier
|
0-0: Ball 1-0: Ball 2-0: Ball 3-0: Called Strike 3-1: Foul Ball, location: 2F 3-2: Foul Ball, location: 2F 3-2: SINGLE (Line Drive, 4D, EV 99.4 MPH) Alex Duarte to third Nate Dabney to second Runner from 3rd tries for Home, SAFE, throw by CF to home
|
|
Batting: RHB Yasutaka Yamasaki
|
0-0: Ball 1-0: Called Strike 1-1: Swinging Strike 1-2: Foul Ball, location: 2F 1-2: Foul Ball, location: 2F 1-2: Strikes out swinging
|
|
Batting: SHB Salvador Lacosta
|
0-0: Ball 1-0: Ball 2-0: Swinging Strike 2-1: Called Strike 2-2: Ground out 2-3 (Groundball, 13S, EV 70.0 MPH)
|
| Bottom of the 3rd over - 1 run, 1 hit, 1 error, 2 left on base; Oakland (APP) 0 - Detroit (APP) 3 |
| TOP OF THE 4TH |
|
Oakland (APP) Athletics batting - Pitching for Detroit (APP) Tigers : RHP Cam Hurley
|
|
Batting: RHB Gabe Secundino
|
0-0: Called Strike 0-1: SOLO HOME RUN (Flyball, 7LD, EV 92.5 MPH), Distance : 355 ft
|
|
Batting: RHB Phoctor Dill
|
0-0: Ball 1-0: Called Strike 1-1: Called Strike 1-2: Fly out, F6 (Popup, 6M, EV 76.2 MPH)
|
|
Batting: LHB Ben Landry
|
0-0: Ball 1-0: Called Strike 1-1: Foul Ball, location: 2F 1-2: Strikes out swinging
|
|
Batting: RHB Toyohiko Nakajima
|
0-0: Fly out, F5 (Line Drive, 5, EV 74.4 MPH)
|
| Top of the 4th over - 1 run, 1 hit, 0 errors, 0 left on base; Oakland (APP) 1 - Detroit (APP) 3 |
| BOTTOM OF THE 4TH |
|
Detroit (APP) Tigers batting - Pitching for Oakland (APP) Athletics : RHP Kian-tat Guao
|
|
Batting: RHB Peter Jones
|
0-0: Called Strike 0-1: Ball 1-1: Swinging Strike 1-2: Foul Ball, location: 2F 1-2: Ground out 5-3 (Groundball, 56, EV 103.8 MPH)
|
|
Batting: RHB Victor Acuna
|
0-0: Ball 1-0: Fly out, F7 (Flyball, 7S, EV 86.9 MPH)
|
|
Batting: RHB Rick Brinkmann
|
0-0: Foul Ball, location: 2F 0-1: Ground out 5-3 (Groundball, 56S, EV 74.4 MPH)
|
| Bottom of the 4th over - 0 runs, 0 hits, 0 errors, 0 left on base; Oakland (APP) 1 - Detroit (APP) 3 |
| TOP OF THE 5TH |
|
Oakland (APP) Athletics batting - Pitching for Detroit (APP) Tigers : RHP Cam Hurley
|
|
Batting: RHB Pete Goerge
|
0-0: Called Strike 0-1: Ball 1-1: Ball 2-1: Ball 3-1: Foul Ball, location: 2F 3-2: Strikes out swinging
|
|
Batting: SHB Raul Herrera
|
0-0: Foul Ball, location: 2F 0-1: Swinging Strike 0-2: Ball 1-2: Ball 2-2: Ball 3-2: Foul Ball, location: 2F 3-2: Base on Balls
|
|
Batting: LHB Bryan Hodensack
|
0-0: Ball 1-0: DOUBLE (Flyball, 8LXD, EV 105.0 MPH) Raul Herrera to third
|
|
Batting: RHB Dave Villarreal
|
0-0: Called Strike 0-1: Ball 1-1: Ball 2-1: Ground out 4-3 (Groundball, 4S, EV 67.5 MPH) Raul Herrera scores Bryan Hodensack to third
|
|
Batting: LHB Diego Vega
|
0-0: Called Strike 0-1: Ground out 4-3 (Groundball, 4, EV 78.8 MPH)
|
| Top of the 5th over - 1 run, 1 hit, 0 errors, 1 left on base; Oakland (APP) 2 - Detroit (APP) 3 |
| BOTTOM OF THE 5TH |
|
Detroit (APP) Tigers batting - Pitching for Oakland (APP) Athletics : RHP Kian-tat Guao
|
|
Batting: RHB Alex Duarte
|
0-0: Fly out, F2 (Popup, 2R, EV 90.6 MPH)
|
|
Batting: RHB Cody Kafer
|
0-0: Ground out 5-3 (Groundball, 56, EV 111.2 MPH)
|
|
Batting: RHB Nate Dabney
|
0-0: Ball 1-0: Called Strike 1-1: Ball 2-1: Foul Ball, location: 2F 2-2: SINGLE (Line Drive, 4D, EV 96.2 MPH)
|
|
Batting: RHB George Sonier
|
0-0: Ball 1-0: 2-RUN HOME RUN (Flyball, 78XD, EV 108.8 MPH), Distance : 429 ft
|
|
Pitching: RHP Jason Palmer
|
|
|
Batting: RHB Yasutaka Yamasaki
|
0-0: Called Strike 0-1: Ball 1-1: SOLO HOME RUN (Flyball, 7D, EV 97.5 MPH), Distance : 377 ft
|
|
Batting: SHB Salvador Lacosta
|
0-0: Ball 1-0: Foul Ball, location: 2F 1-1: Called Strike 1-2: Strikes out swinging
|
| Bottom of the 5th over - 3 runs, 3 hits, 0 errors, 0 left on base; Oakland (APP) 2 - Detroit (APP) 6 |
| TOP OF THE 6TH |
|
Oakland (APP) Athletics batting - Pitching for Detroit (APP) Tigers : RHP Cam Hurley
|
|
Batting: RHB Gabe Secundino
|
0-0: Ball 1-0: Foul Ball, location: 2F 1-1: Fly out, F7 (Flyball, 78S, EV 86.9 MPH)
|
|
Batting: RHB Phoctor Dill
|
0-0: Called Strike 0-1: Foul Ball, location: 2F 0-2: Ball 1-2: Foul Ball, location: 2F 1-2: Foul Ball, location: 2F 1-2: Foul Ball, location: 2F 1-2: Strikes out swinging
|
|
Batting: LHB Ben Landry
|
0-0: Ball 1-0: Ball 2-0: Called Strike 2-1: Ball 3-1: Swinging Strike 3-2: Base on Balls
|
|
Pitching: RHP Alvaro Patino
|
|
|
Batting: RHB Toyohiko Nakajima
|
0-0: Swinging Strike 0-1: Called Strike 0-2: Strikes out swinging
|
| Top of the 6th over - 0 runs, 0 hits, 0 errors, 1 left on base; Oakland (APP) 2 - Detroit (APP) 6 |
| BOTTOM OF THE 6TH |
|
Detroit (APP) Tigers batting - Pitching for Oakland (APP) Athletics : RHP Jason Palmer
|
|
Batting: RHB Peter Jones
|
0-0: Swinging Strike 0-1: Ball 1-1: Ball 2-1: Ball 3-1: Reached on error, E6 (Groundball, 56, EV 84.4 MPH)
|
|
Batting: RHB Victor Acuna
|
0-0: Fly out, F3 (Popup, 3SF, EV 64.4 MPH)
|
|
Batting: RHB Rick Brinkmann
|
0-0: Swinging Strike 0-1: Called Strike 0-2: Strikes out swinging
|
|
Batting: RHB Alex Duarte
|
0-0: Ball Wild Pitch! Peter Jones to second 1-0: Called Strike 1-1: Hit by Pitch
|
|
Batting: RHB Cody Kafer
|
0-0: Swinging Strike 0-1: Ball 1-1: Ball 2-1: Called Strike 2-2: Ball 3-2: Foul Ball, location: 2F 3-2: Foul Ball, location: 2F 3-2: 3-RUN HOME RUN (Flyball, 7LD, EV 93.8 MPH), Distance : 363 ft
|
|
Batting: RHB Nate Dabney
|
0-0: Ball 1-0: Ball 2-0: Ball 3-0: Called Strike 3-1: Called Strike 3-2: SINGLE (Groundball, 34D, EV 104.4 MPH)
|
|
Batting: RHB George Sonier
|
0-0: Foul Ball, location: 2F 0-1: Ball 1-1: Swinging Strike 1-2: Ball 2-2: Ball 3-2: Base on Balls Nate Dabney to second
|
|
Batting: RHB Yasutaka Yamasaki
|
0-0: Swinging Strike 0-1: Reached on error, E6 (Groundball, 6, EV 79.4 MPH) Nate Dabney to third George Sonier to second
|
|
Pitching: RHP Andy Teague
|
|
|
Batting: SHB Salvador Lacosta
|
0-0: Called Strike 0-1: Swinging Strike 0-2: Foul Ball, location: 2F 0-2: Ball 1-2: Ball 2-2: Ball 3-2: Foul Ball, location: 2F 3-2: Base on Balls Nate Dabney scores George Sonier to third Yasutaka Yamasaki to second
|
|
Batting: RHB Peter Jones
|
0-0: Ball 1-0: Ball 2-0: Ball 3-0: Called Strike 3-1: SINGLE (Groundball, 56D, EV 97.5 MPH) George Sonier scores Yasutaka Yamasaki to third Salvador Lacosta to second Runner from 3rd tries for Home, SAFE, throw by LF to home
|
|
Batting: RHB Victor Acuna
|
0-0: Called Strike 0-1: Ball 1-1: Swinging Strike 1-2: Ball 2-2: Ground out 6-3 (Groundball, 56, EV 105.0 MPH)
|
| Bottom of the 6th over - 6 runs, 3 hits, 2 errors, 2 left on base; Oakland (APP) 2 - Detroit (APP) 12 |
| TOP OF THE 7TH |
|
Oakland (APP) Athletics batting - Pitching for Detroit (APP) Tigers : RHP Alvaro Patino
|
|
Batting: RHB Jeff Goodrum
|
0-0: Called Strike 0-1: Called Strike 0-2: Strikes out looking
|
|
Pinch Hitting: LHB Jonathan Young
|
0-0: Ball 1-0: Called Strike 1-1: Ball 2-1: Foul Ball, location: 2F 2-2: Strikes out swinging
|
|
Pinch Hitting: RHB Matt Aston
|
0-0: Called Strike 0-1: Foul Ball, location: 2F 0-2: Foul Ball, location: 2F 0-2: Strikes out swinging
|
| Top of the 7th over - 0 runs, 0 hits, 0 errors, 0 left on base; Oakland (APP) 2 - Detroit (APP) 12 |
| BOTTOM OF THE 7TH |
|
Detroit (APP) Tigers batting - Pitching for Oakland (APP) Athletics : RHP Andy Teague
|
|
Now in CF: Matt Aston
|
|
|
Now in RF: Dave Connolly
|
|
|
Batting: RHB Rick Brinkmann
|
0-0: Foul Ball, location: 2F 0-1: Foul Ball, location: 2F 0-2: Ball 1-2: Foul Ball, location: 2F 1-2: Ball 2-2: Foul Ball, location: 2F 2-2: Foul Ball, location: 2F 2-2: Foul Ball, location: 2F 2-2: Strikes out swinging
|
|
Pinch Hitting: LHB Simon Barry
|
0-0: Ball 1-0: Ball 2-0: Ball 3-0: Called Strike 3-1: Hit by Pitch
|
|
Pitching: RHP Santiago Gonzalez
|
|
|
Batting: RHB Cody Kafer
|
0-0: Called Strike 0-1: Foul Ball, location: 2F 0-2: Ball 1-2: Strikes out swinging
|
|
Batting: RHB Nate Dabney
|
0-0: Ball 1-0: Ball 2-0: Foul Ball, location: 2F 2-1: Reached on error, E6 (Groundball, 6, EV 79.4 MPH) Simon Barry to second
|
|
Batting: RHB George Sonier
|
0-0: Foul Ball, location: 2F 0-1: Ball 1-1: Called Strike 1-2: Fielders Choice at 2nd, 5-4 (Groundball, 56, EV 88.1 MPH)
|
| Bottom of the 7th over - 0 runs, 0 hits, 1 error, 2 left on base; Oakland (APP) 2 - Detroit (APP) 12 |
| TOP OF THE 8TH |
|
Oakland (APP) Athletics batting - Pitching for Detroit (APP) Tigers : RHP Alvaro Patino
|
|
Now at SS: Simon Barry
|
|
|
Batting: RHB Dave Villarreal
|
0-0: Ball 1-0: Called Strike 1-1: Ball 2-1: Ball 3-1: Called Strike 3-2: Foul Ball, location: 2F 3-2: Strikes out swinging
|
|
Batting: LHB Diego Vega
|
0-0: Ball 1-0: Called Strike 1-1: Called Strike 1-2: Foul Ball, location: 2F 1-2: Ball 2-2: Ground out U3 (Groundball, 3L, EV 90.6 MPH)
|
|
Batting: RHB Gabe Secundino
|
0-0: Foul Ball, location: 2F 0-1: Swinging Strike 0-2: Ball 1-2: Ball 2-2: Strikes out looking
|
| Top of the 8th over - 0 runs, 0 hits, 0 errors, 0 left on base; Oakland (APP) 2 - Detroit (APP) 12 |
| BOTTOM OF THE 8TH |
|
Detroit (APP) Tigers batting - Pitching for Oakland (APP) Athletics : RHP Santiago Gonzalez
|
|
Batting: RHB Yasutaka Yamasaki
|
0-0: Fly out, F7 (Flyball, 78M, EV 91.9 MPH)
|
|
Batting: SHB Salvador Lacosta
|
0-0: Swinging Strike 0-1: Ground out 6-3 (Groundball, 6, EV 94.4 MPH)
|
|
Batting: RHB Peter Jones
|
0-0: Ball 1-0: Ball 2-0: Foul Ball, location: 2F 2-1: Fly out, F9 (Flyball, 9D, EV 103.8 MPH)
|
| Bottom of the 8th over - 0 runs, 0 hits, 0 errors, 0 left on base; Oakland (APP) 2 - Detroit (APP) 12 |
| TOP OF THE 9TH |
|
Oakland (APP) Athletics batting - Pitching for Detroit (APP) Tigers : RHP Alvaro Patino
|
|
Batting: RHB Phoctor Dill
|
0-0: SINGLE (Groundball, 56D, EV 109.4 MPH)
|
|
Pinch Hitting: RHB Ricky Ulloa
|
0-0: Foul Ball, location: 2F 0-1: Ball 1-1: Foul Ball, location: 2F 1-2: Foul Ball, location: 2F 1-2: Foul Ball, location: 2F 1-2: Ball 2-2: Strikes out swinging
|
|
Pitching: RHP David Kalinsky
|
|
|
Batting: RHB Toyohiko Nakajima
|
0-0: Fielders Choice at 2nd, 3-6 (Groundball, 3, EV 77.5 MPH)
|
|
Batting: RHB Jeff Goodrum
|
0-0: Ball 1-0: Ground out 5-3 (Groundball, 56S, EV 80.6 MPH)
|
| Top of the 9th over - 0 runs, 1 hit, 0 errors, 1 left on base; Oakland (APP) 2 - Detroit (APP) 12 |
|